 Dungeon Crawl Stone Soup version 0.23.1 (webtiles) character file.

Game seed: 2579881886137896227

234 Chiseanne the Chopper (level 6, -2/53 HPs)
             Began as a Gnoll Chaos Knight on Mar 15, 2019.
             Was a Plaything of Xom.
             Slain by a swamp drake (5 damage)
             ... on level 4 of the Dungeon.
             The game lasted 00:04:45 (2925 turns).

Chiseanne the Chopper (Gnoll Chaos Knight)          Turns: 2925, Time: 00:04:46

Health: -2/53      AC:  6    Str: 15    XL:     6   Next: 5%
Magic:  8/8        EV: 13    Int: 15    God:    Xom [....*.]
Gold:   151        SH:  0    Dex: 15    Spells: 8/8 levels left

rFire    . . .     SeeInvis .   a - +0 hand axe (chaos)
rCold    . . .     Gourm    .   (no shield)
rNeg     . . .     Faith    .   b - +2 leather armour
rPois    .         Spirit   .   (no helmet)
rElec    .         Reflect  .   v - +0 cloak
rCorr    .         Harm     .   (no gloves)
MR       +....                  (no boots)
Stlth    ++........             (no amulet)
HPRegen  0.17/turn              (no ring)
MPRegen  0.11/turn              (no ring)

@: no status effects
A: distributed training, fangs 1, magic resistance 1, MP-powered wands, strong
nose
a: Renounce Religion


You were on level 4 of the Dungeon.
You worshipped Xom.
You were a beloved toy of Xom.
You were not hungry.

You visited 1 branch of the dungeon, and saw 4 of its levels.
You also visited: Sewer.

You collected 151 gold pieces.

Inventory:

Hand Weapons
 a - a +0 hand axe of chaos (weapon)
 r - a +0 blowgun
 w - a +3 hunting sling
Missiles
 e - 200 stones (quivered)
 h - 91 arrows
 j - 18 bolts
 q - 28 poisoned needles
Armour
 b - a +2 leather armour (worn)
 v - a +0 cloak (worn)
Scrolls
 f - 2 scrolls of amnesia
 n - 5 scrolls of remove curse
 x - 2 scrolls of fog
 y - 2 scrolls of blinking
Potions
 d - a potion of ambrosia
 g - a potion of heal wounds
 i - a potion of lignification {unknown}
 k - a potion of invisibility {unknown}
 l - a potion of degeneration {unknown}
 o - a potion of cancellation {unknown}
 p - a potion of mutation {unknown}
 t - 3 potions of might
 u - a potion of curing {unknown}
Comestibles
 c - 6 rations
 m - a chunk of flesh


   Skills:
 + Level 6.7 Fighting
 + Level 1.7 Short Blades
 + Level 1.7 Long Blades
 + Level 6.7 Axes
 + Level 1.7 Maces & Flails
 + Level 1.7 Polearms
 + Level 1.7 Staves
 + Level 1.7 Slings
 + Level 1.7 Bows
 + Level 1.7 Crossbows
 + Level 1.7 Throwing
 + Level 4.9 Armour
 + Level 3.1 Dodging
 + Level 1.7 Stealth
 + Level 1.7 Shields
 + Level 1.7 Unarmed Combat
 + Level 1.7 Spellcasting
 + Level 1.3 Conjurations
 + Level 1.3 Hexes
 + Level 1.3 Charms
 + Level 1.3 Summonings
 + Level 1.3 Necromancy
 + Level 1.3 Translocations
 + Level 1.3 Transmutations
 + Level 1.3 Fire Magic
 + Level 1.3 Ice Magic
 + Level 1.3 Air Magic
 + Level 1.3 Earth Magic
 + Level 1.3 Poison Magic
 + Level 1.9 Invocations
 + Level 1.7 Evocations


You had 8 spell levels left.
You didn't know any spells.
Your spell library was empty.

Dungeon Overview and Level Annotations

Branches:
Dungeon (4/15)
 Temple: D:4-7

Altars:
Okawaru
Uskayaw
Xom


Innate Abilities, Weirdness & Mutations

Your experience applies equally to all skills.
You have very sharp teeth.
Your uncanny sense of smell can sniff out nearby items.
You are resistant to hostile enchantments. (MR+)
You expend magic power (3 MP) to strengthen your wands.


Message History

You are more confused.
Something bites you.
You closely miss something.
You are engulfed in noxious fumes.
You choke on the stench!
You are more confused.
Something bites you but does no damage. Something bites you!
You hit something but do no damage. Something bites you. Something bites you!
* * * LOW HITPOINT WARNING * * *
You feel much better.
You feel less confused. Something bites you!
Something bites you but does no damage. Something bites you!
* * * LOW HITPOINT WARNING * * *
Something bites you.
* * * LOW HITPOINT WARNING * * *
You miss something. Your bite misses something. Something bites you.
You die...

... ....# ..# ....#...#
.. .........# ..
......#..# .
......#..#### #
#...........# #
#..........## ##
#...........## ##.
#......@.....# ###..
#.....{#.##### ##....
##......## #.....
#.......### #.....
....>.......#### #.....
.......####....#####.....
......# #........###....
##...# #....###........
..## #.^...####......


There were no monsters in sight!

Vanquished Creatures
  2 orc wizards
  A gnoll (D:3)
  3 adders
  4 river rats (Sewer)
  An ooze (Sewer)
  2 worms (D:2)
  9 orcs
  7 giant cockroaches
  2 goblins
  9 hobgoblins
  A quokka (D:3)
  7 ball pythons
  4 bats
  6 frilled lizards
  7 kobolds
  28 rats
93 creatures vanquished.

Notes
Turn   | Place    | Note
-------+----------+-------------------------------------------
     0 | D:1      | Chiseanne the Gnoll Chaos Knight began the quest for the
                  | Orb.
     0 | D:1      | Reached XP level 1. HP: 23/23 MP: 1/1
   378 | D:1      | XOM: mild Summ miscast
   630 | D:1      | Reached XP level 2. HP: 29/29 MP: 2/2
   897 | D:2      | XOM: 5-stop teleportation journey
   964 | D:2      | Reached XP level 3. HP: 31/35 MP: 3/3
  1532 | D:3      | Reached skill level 1 in Invocations
  1560 | D:3      | Found a hide-covered altar of Uskayaw.
  1564 | D:3      | XOM is BORED!
  1572 | D:3      | Reached skill level 1 in Short Blades
  1572 | D:3      | Reached skill level 1 in Long Blades
  1572 | D:3      | Reached skill level 1 in Maces & Flails
  1572 | D:3      | Reached skill level 1 in Polearms
  1572 | D:3      | Reached skill level 1 in Staves
  1572 | D:3      | Reached skill level 1 in Slings
  1572 | D:3      | Reached skill level 1 in Bows
  1572 | D:3      | Reached skill level 1 in Crossbows
  1572 | D:3      | Reached skill level 1 in Throwing
  1572 | D:3      | Reached skill level 1 in Stealth
  1572 | D:3      | Reached skill level 1 in Shields
  1572 | D:3      | Reached skill level 1 in Unarmed Combat
  1572 | D:3      | Reached skill level 1 in Spellcasting
  1572 | D:3      | Reached skill level 1 in Evocations
  1577 | D:3      | Reached XP level 4. HP: 32/41 MP: 5/5
  1747 | D:3      | XOM: mild Ice miscast
  1827 | D:3      | Reached skill level 1 in Conjurations
  1827 | D:3      | Reached skill level 1 in Hexes
  1827 | D:3      | Reached skill level 1 in Charms
  1827 | D:3      | Reached skill level 1 in Summonings
  1827 | D:3      | Reached skill level 1 in Necromancy
  1827 | D:3      | Reached skill level 1 in Translocations
  1827 | D:3      | Reached skill level 1 in Transmutations
  1827 | D:3      | Reached skill level 1 in Fire Magic
  1827 | D:3      | Reached skill level 1 in Ice Magic
  1827 | D:3      | Reached skill level 1 in Air Magic
  1827 | D:3      | Reached skill level 1 in Earth Magic
  1827 | D:3      | Reached skill level 1 in Poison Magic
  1867 | D:3      | Found a glowing drain.
  1871 | Sewer    | Entered a sewer
  2090 | Sewer    | Reached XP level 5. HP: 44/47 MP: 6/6
  2093 | Sewer    | XOM: give mutations
  2093 | Sewer    | Gained mutation: You expend magic power (3 MP) to
                  | strengthen your wands. [Xom's grace]
  2093 | Sewer    | Gained mutation: You are resistant to hostile enchantments.
                  | (MR+) [Xom's grace]
  2205 | Sewer    | XOM: 2-stop teleportation journey
  2359 | D:3      | XOM: scenery: create altars
  2520 | D:3      | Found an iron altar of Okawaru.
  2678 | D:4      | XOM: stealth player
  2708 | D:4      | XOM: cloud trail
  2723 | D:4      | Reached XP level 6. HP: 32/53 MP: 8/8
  2899 | D:4      | Noticed a swamp drake
  2899 | D:4      | a worker ant changed into a swamp drake
  2925 | D:4      | Slain by a swamp drake

Skill      XL: |  1  2  3  4  5 |
---------------+----------------+-----
Invocations    | 1 |  1.9
Short Blades   | 1 |  1.7
Long Blades    | 1 |  1.7
Maces & Flails | 1 |  1.7
Polearms       | 1 |  1.7
Staves         | 1 |  1.7
Slings         | 1 |  1.7
Bows           | 1 |  1.7
Crossbows      | 1 |  1.7
Throwing       | 1 |  1.7
Stealth        | 1 |  1.7
Shields        | 1 |  1.7
Unarmed Combat | 1 |  1.7
Spellcasting   | 1 |  1.7
Evocations     | 1 |  1.7
Conjurations   | 1 |  1.3
Hexes          | 1 |  1.3
Charms         | 1 |  1.3
Summonings     | 1 |  1.3
Necromancy     | 1 |  1.3
Translocations | 1 |  1.3
Transmutations | 1 |  1.3
Fire Magic     | 1 |  1.3
Ice Magic      | 1 |  1.3
Air Magic      | 1 |  1.3
Earth Magic    | 1 |  1.3
Poison Magic   | 1 |  1.3
Dodging        | 3 |  3.1
Fighting       | |  6.7
Axes           | |  6.7
Armour         | |  4.9

Action                   |  1- 3 |  4- 6 || total
-------------------------+-------+-------++-------
Melee: Hand axe          |    77 |   137 ||   214
       Bite              |     3 |    12 ||    15
       Punch             |       |     2 ||     2
  Use: Scroll            |     4 |     4 ||     8
       Potion            |       |     1 ||     1
 Stab: Sleeping          |     2 |     1 ||     3
       Petrifying        |       |     1 ||     1
       Petrified         |       |     1 ||     1
  Eat: Chunk             |     2 |     5 ||     7
Armor: Leather armour    |    16 |    38 ||    54
Dodge: Dodged            |    50 |   121 ||   171
